 Dungeon Crawl Stone Soup version 0.18.1-48-g4cf74bf (webtiles) character file.

104 Peloso the Covered (level 4, -1/41 HPs)
             Began as a Minotaur Fighter on Aug 22, 2016.
             Slain by a goblin
             ... wielding a +0 club
             ... led by Robin
              (7 damage)
             ... on level 2 of the Dungeon.
             The game lasted 00:01:55 (1156 turns).

Peloso the Covered (Minotaur Fighter)               Turns: 1156, Time: 00:01:56

Health: -1/41      AC:  7    Str: 21    XL:     4   Next: 52%
Magic:  3/3        EV:  8    Int:  5    God:
Gold:   46         SH:  9    Dex: 10    Spells: 0 memorised, 3 levels left

rFire  . . .     SeeInvis .     a - +0 long sword
rCold  . . .     Gourm    .     b - +0 scale mail
rNeg   . . .     Faith    .     c - +0 shield
rPois  +         Spirit   .     (helmet restricted)
rElec  .         Dismiss  .     (no cloak)
rCorr  .         Reflect  .     (no gloves)
SustAt .         Harm     .     (no boots)
MR     .....                    (no amulet)
Stlth  ..........               (no ring)
                                g - ring of poison resistance

@: not resistant to hostile enchantments, extremely unstealthy
A: retaliatory headbutt, horns 2
a: no special abilities


You were on level 2 of the Dungeon.
You were not hungry.

You visited 1 branch of the dungeon, and saw 2 of its levels.

You collected 46 gold pieces.

Inventory:

Hand Weapons
 a - a +0 long sword (weapon)
Armour
 b - a +0 scale mail (worn)
 c - a +0 shield (worn)
Jewellery
 g - a ring of poison resistance (left hand)
Scrolls
 k - 2 scrolls of teleportation {unknown}
 m - a scroll of identify {unknown}
Potions
 d - a potion of might
 e - a potion of haste {unknown}
 h - 2 potions of mutation {unknown}
 i - a potion of agility {unknown}
 l - 2 potions of curing {unknown}
Comestibles
 f - 2 bread rations
 j - 3 fruits


   Skills:
 + Level 4.4 Fighting
 + Level 3.1 Long Blades
 + Level 4.6 Armour
 + Level 1.2 Dodging
 + Level 4.3 Shields


You had 3 spell levels left.
You didn't know any spells.

Dungeon Overview and Level Annotations

Branches:
Dungeon (2/15)

Altars:
Dithmenos


Innate Abilities, Weirdness & Mutations

You reflexively headbutt those who attack you in melee.
You have a pair of horns on your head.


Message History

a vampiric dagger; an animal skin; a shiny helmet Unknown command.
You hit the hobgoblin.
You kill the hobgoblin!
The goblin hits you with an uncursed club.
* * * LOW HITPOINT WARNING * * *
The goblin hits you with a club.
* * * LOW HITPOINT WARNING * * *
The goblin closely misses you. You block the goblin's attack.
You see here a club.
The goblin barely misses you. You furiously retaliate!
You headbutt the goblin, but do no damage.
Items here: ( ))))) ††††††
Items here: ( ))) ? [ †† You closely miss the goblin.
Your headbutt misses the goblin. The goblin barely misses you.
You hit the goblin.
The goblin is heavily wounded.
The goblin hits you with an uncursed club!
You die...

. # #.#.# #.# #.# #.#†#
#.# #.# #.#.##
###.###.####....##
.................
..............##
#.#.###..###.## #.
#####(#(###..#...#
#...###gg@..(.(....#.###
#.....))##......##.#.#
#.#####.###....###.#.#
### #..###..###.†#<###..
#...######.....>....
.....# #....#.###..
.....# #......###..
....## ##..........
....## ##..#####.#


You could see 2 goblins.

Vanquished Creatures
  Robin (D:2)
  4 adders (D:2)
  A gnoll (D:1)
  A worm (D:2)
  2 giant geckos
  4 giant cockroaches (D:1)
  17 goblins
  5 hobgoblins
  A ball python (D:2)
  6 kobolds
  4 rats
46 creatures vanquished.

Notes
Turn   | Place    | Note
--------------------------------------------------------------
     0 | D:1      | Peloso the Minotaur Fighter began the quest for the Orb.
     0 | D:1      | Reached XP level 1. HP: 19/19 MP: 0/0
   205 | D:1      | Reached XP level 2. HP: 27/27 MP: 1/1
   430 | D:1      | Reached XP level 3. HP: 33/33 MP: 2/2
   797 | D:2      | Found a shadowy altar of Dithmenos.
  1076 | D:2      | Reached skill level 1 in Dodging
  1076 | D:2      | Reached XP level 4. HP: 41/41 MP: 3/3
  1129 | D:2      | Noticed Robin
  1149 | D:2      | Killed Robin
  1156 | D:2      | Slain by a goblin

Skill      XL: |  1  2  3  4 |
---------------+-------------+-----
Fighting       | 4 |  4.4
Armour         | 4 |  4.6
Shields        | 4 |  4.3
Dodging        | 1 |  1.2
Long Blades    | 3 |  3.1

Action                   |  1- 3 |  4- 6 || total
-------------------------+-------+-------++-------
Melee: Long sword        |    83 |    29 ||   112
       Headbutt          |    14 |       ||    14
  Eat: Chunk             |     1 |       ||     1
Armor: Scale mail        |    37 |    14 ||    51
Dodge: Dodged            |    13 |    21 ||    34
Block: Shield            |    34 |    34 ||    68
